 Dungeon Crawl Stone Soup version 0.28.0-53-g5a82cb258f (webtiles) character file.

Game seed: 3555505956895154944

123 Zeld the Ruffian (level 4, 0/36 HPs)
             Began as a Draconian Transmuter on June 3, 2022.
             Slain by a river rat (5 damage)
             ... on level 3 of the Dungeon.
             The game lasted 00:03:31 (4031 turns).

Zeld the Ruffian (Draconian Transmuter)             Turns: 4031, Time: 00:03:32

Health: 0/36       AC:  5    Str: 15    XL:     4   Next: 79%
Magic:  7/8        EV: 12    Int: 13    God:
Gold:   75         SH:  0    Dex: 11    Spells: 2/8 levels left

rFire   . . .      SeeInvis .     - Unarmed
rCold   . . .      Faith    .   (no shield)
rNeg    + . .      Spirit   .   (armour unavailable)
rPois   .          Reflect  .   (helmet currently unavailable)
rElec   .          Harm     .   (no cloak)
rCorr   .          Rampage  .   (no gloves)
Will    .....                   (boots currently unavailable)
Stlth   +.........              (no amulet)
HPRegen 0.12/turn               g - ring of positive energy
MPRegen 0.11/turn               (no ring)

@: appendages, very slow
A: horns 2, talons 2, AC +5, unfitting armour, cold-blooded
a: End Transformation


You were on level 3 of the Dungeon.
You had temporarily grown beastly horns and talons.
You visited 1 branch of the dungeon, and saw 3 of its levels.

You collected 75 gold pieces.

Inventory:

Jewellery
 g - a ring of positive energy (left hand)
Wands
 f - a wand of mindburst (22)
Scrolls
 b - a scroll of enchant weapon {unknown}
 d - 3 scrolls of identify {unknown}
 h - a scroll of brand weapon {unknown}
Potions
 a - a potion of haste {unknown}
 c - a potion of curing {unknown}
 e - a potion of brilliance {unknown}
 i - 2 potions of heal wounds {unknown}
 j - 3 potions of attraction {unknown}


   Skills:
 + Level 2.1 Fighting
 - Level 1.7 Dodging
 - Level 3.0 Unarmed Combat
 * Level 2.9 Spellcasting
 + Level 2.4 Transmutations
 - Level 2.0 Ice Magic
 - Level 2.0 Poison Magic
 + Level 0.1 Evocations


You had 2 spell levels left.
You knew the following spells:

 Your Spells              Type           Power      Damage    Failure   Level
a - Beastly Appendage     Tmut           16%        N/A       9%          1
b - Wereblood             Tmut           8%         N/A       13%         2
c - Spider Form           Tmut/Pois      7%         N/A       28%         3

Your spell library contained the following spells:

 Spells                   Type           Power      Damage    Failure   Level
 Animate Skeleton         Necr           2%         N/A       24%         1
 Pain                     Necr           4%         1d4       24%         1
 Vampiric Draining        Necr           1%         2d6       56%         3
 Ice Form                 Ice/Tmut       7%         N/A       67%         4


Dungeon Overview and Level Annotations

Branches:
Dungeon (3/15)

Altars:

Annotations:
D:3 1 runed translucent door, Zeld's ghost, amateur GrCj


Innate Abilities, Weirdness & Mutations

You have temporarily grown beastly horns and talons.
Your plain brown scales are hard. (AC +5)
You cannot fit into any form of body armour.
You are cold-blooded and may be slowed by cold attacks.


Message History

You hit the river rat.
The river rat is severely wounded.
The river rat bites you but does no damage.
Your magical contamination has completely faded away.
You closely miss the river rat.
The river rat is severely wounded.
You hear the brisk rusting of a drain.
The river rat closely misses you.
You hit the river rat but do no damage.
Your tail-slap misses the river rat.
The river rat is severely wounded.
The river rat bites you.
Your unstable footing causes you to fumble your attack.
The river rat closely misses you.
You closely miss the river rat.
The river rat is severely wounded.
The river rat bites you!
You barely miss the river rat.
The river rat is severely wounded.
The river rat bites you.
You hit the river rat but do no damage.
The river rat is severely wounded.
The river rat bites you.
* * * LOW HITPOINT WARNING * * *
You barely miss the river rat. You punch the river rat.
The river rat is severely wounded.
The river rat barely misses you.
Your unstable footing causes you to fumble your attack.
The river rat bites you.
* * * LOW HITPOINT WARNING * * *
Casting: Beastly Appendage (safe; 9% risk of failure)
Confirm with . or Enter, or press ? or * to list all spells.
You grow a pair of large bovine horns.
Your feet morph into talons.
The river rat closely misses you.
Your unstable footing causes you to fumble your attack.
The river rat closely misses you.
Your unstable footing causes you to fumble your attack.
The river rat misses you.
Your unstable footing causes you to fumble your attack.
The river rat bites you.
You die...

######.####.###..#.....#
#.# #.#........... #.#
#.#.#......... #.#
#....!....# #.#
#####†##...# ######.#
##≈# #.# .......# #≈# .#
######.# #≈# #.# #@# #.#
#r# ###.# #.# ####(..#
#≈# .......# #≈#
######.# ≈##
######.####### #
.......†.....#
######.####..#


You could see a river rat.

Vanquished Creatures
  4 gnolls
  2 adders
  2 worms
  3 dart slugs
  An orc (D:3)
  3 ball pythons
  10 bats
  5 endoplasms
  2 giant cockroaches (D:2)
  5 goblins
  5 hobgoblins
  2 jackals (D:2)
  A kobold (D:2)
  2 quokkas
  2 frilled lizards (D:1)
  2 rats (D:1)
51 creatures vanquished.

Notes
Turn   | Place    | Note
-------+----------+-------------------------------------------
     0 | D:1      | Zeld the Draconian Transmuter began the quest for the Orb.
     0 | D:1      | Reached XP level 1. HP: 16/16 MP: 3/3
   320 | D:1      | Reached XP level 2. HP: 22/23 MP: 3/5
   503 | D:1      | Reached skill level 1 in Ice Magic
   549 | D:1      | Reached skill level 1 in Poison Magic
   649 | D:1      | Learned a level 2 spell: Wereblood
   815 | D:1      | Reached XP level 3. HP: 24/28 MP: 4/6
   835 | D:1      | Learned a level 3 spell: Spider Form
  1601 | D:2      | Reached XP level 4. HP: 16/36 MP: 3/7
  3992 | D:3      | Found a runed translucent door.
  3996 | D:3      | Noticed Zeld's ghost (amateur GrCj)
  4031 | D:3      | Slain by a river rat

Illustrated notes

Levels and vault maps discovered:
D:1:      lightli_arrival_maybe_door_vault, layout_basic,
          ebering_dispersal_statue_hall, bh_walls_and_bars
D:2:      layout_loops_cross
D:3:      layout_basic, grunt_temple_overflow_order_and_chaos_2, serial_shops,
          nicolae_shop_hallway_stairs, gup_sewer_entry_spiral,
          ebering_ghost_sewer_d

Skill      XL: |  1  2  3  4 |
---------------+-------------+-----
Ice Magic      | 1 2 |  2.0
Poison Magic   | 1 2 |  2.0
Fighting       | 2 |  2.1
Dodging        | |  1.7
Unarmed Combat | |  3.0
Spellcasting   | |  2.9
Transmutations | |  2.4
Evocations     | |  0.1

Action                   |  1- 3 |  4- 6 || total
-------------------------+-------+-------++-------
Melee: Unarmed           |    90 |    55 ||   145
       Tailslap          |     9 |     2 ||    11
       Kick              |    14 |     7 ||    21
       Headbutt          |    12 |     2 ||    14
       Punch             |     1 |     1 ||     2
 Cast: Beastly Appendage |    26 |     9 ||    35
       Spider Form       |     2 |     5 ||     7
Armor: Skin              |    26 |    13 ||    39
Dodge: Dodged            |    76 |    60 ||   136
